 Dungeon Crawl Stone Soup version 0.26-a0-651-gb41185065b (webtiles) character file.

Game seed: 1505829970269286758

35 Lanoc the Sneak (level 3, -2/28 HPs)
             Began as a Formicid Brigand on Oct 18, 2020.
             Slain by Sigmund
             ... wielding a +2 scythe of freezing
              (5 damage)
             ... on level 5 of the Dungeon.
             The game lasted 00:01:34 (1176 turns).

Lanoc the Sneak (Formicid Brigand)                  Turns: 1176, Time: 00:01:35

Health: -2/28      AC:  3    Str: 15    XL:     3   Next: 52%
Magic:  3/3        EV: 12    Int: 10    God:
Gold:   15         SH:  0    Dex: 13    Spells: 2/2 levels left

rFire    . . .     SeeInvis +   a - +2 dagger
rCold    . . .     Faith    .   (no shield)
rNeg     . . .     Spirit   .   b - +0 robe
rPois    .         Reflect  .   (helmet unavailable)
rElec    .         Harm     .   c - +0 cloak
rCorr    .         Rampage  .   (no gloves)
MR       .....                  (no boots)
Stlth    +++.......             (no amulet)
HPRegen  0.09/turn              (no ring)
MPRegen  0.08/turn              (no ring)

@: no status effects
A: permanent stasis, dig shafts and tunnels, four strong arms, antennae 3
a: Dig, Shaft Self


You were on level 5 of the Dungeon.
You visited 1 branch of the dungeon, and saw 4 of its levels.

You collected 15 gold pieces.

Inventory:

Hand Weapons
 a - a +2 dagger (weapon)
Missiles
 d - 8 poisoned darts (quivered)
 e - 2 curare-tipped darts
Armour
 b - a +0 robe (worn)
 c - a +0 cloak (worn)
Scrolls
 f - a scroll of identify {unknown}
 h - a scroll of fog {unknown}


   Skills:
 + Level 2.7 Fighting
 - Level 2.0 Short Blades
 - Level 2.0 Throwing
 + Level 1.4 Dodging
 * Level 5.6 Stealth


You had 2 spell levels left.
You didn't know any spells.
Your spell library was empty.

Dungeon Overview and Level Annotations

Branches:
Dungeon (3/15)             Temple (0/1) D:5

Altars:

Annotations:
D:5 Sigmund


Innate Abilities, Weirdness & Mutations

You cannot be hasted, slowed, berserked, paralysed or teleported.
You can dig through walls and to a lower floor.
Your four strong arms can wield two-handed weapons with a shield.
You have a pair of large antennae on your head. (SInv)


Message History

Your stasis prevents you from going berserk.
The orc barely misses you.
It was a potion of heal wounds.
You feel much better. The orc hits you but does no damage.
Sigmund closely misses you.
You hit the orc.
The orc is almost dead.
The orc misses you.
The orc wizard hits you with a +0 dagger.
You hit the orc but do no damage.
The orc is almost dead.
The orc misses you.
The orc wizard hits you with a +0 dagger.
Sigmund barely misses you.
You hit the orc.
You kill the orc!
The orc wizard hits you but does no damage.
Sigmund hits you from afar with a +2 scythe of freezing!
* * * LOW HITPOINT WARNING * * *
Sigmund freezes you.
You die...

#+# . #.# ######
.. #.# .....###..
#####.#.##........
#.@{.5#(##=.......
#[###...##........
#@###{####........
#o#......{{.......
#.#.....##.o......
#.#####.##........
#.. ..##........
### #####........
#........
#.....$..
#........


You could see Sigmund (invisible) and an orc wizard.

Vanquished Creatures
  An ufetubus (D:5)
  An ooze (D:2)
  A leopard gecko (D:5)
  3 orcs
  A bat (D:2)
  2 giant cockroaches
  2 goblins (D:1)
  A hobgoblin (D:1)
  A quokka (D:3)
  A frilled lizard (D:3)
  A kobold (D:1)
  7 rats
22 creatures vanquished.

Notes
Turn   | Place    | Note
-------+----------+-------------------------------------------
     0 | D:1      | Lanoc the Formicid Brigand began the quest for the Orb.
     0 | D:1      | Reached XP level 1. HP: 16/16 MP: 1/1
   316 | D:1      | Reached skill level 1 in Dodging
   318 | D:1      | Reached skill level 5 in Stealth
   338 | D:1      | Reached XP level 2. HP: 12/23 MP: 2/2
   892 | D:3      | Reached XP level 3. HP: 15/28 MP: 3/3
  1139 | D:3      | You fall into a shaft and drop 2 floors!
  1139 | D:5      | Entered Level 5 of the Dungeon
  1139 | D:5      | Found a staircase to the Ecumenical Temple.
  1139 | D:5      | Noticed Sigmund
  1169 | D:5      | HP: 1/28 [Sigmund/+2 scythe of freezing (2)]
  1176 | D:5      | Slain by Sigmund

Illustrated notes

Levels and vault maps discovered:
D:1:      ebering_trefoil_3fold, layout_rooms, st_stairs_5, minivault_23
D:2:      layout_basic, overflow_temple_1_default,
          nicolae_overflow_crystal_walls, minmay_3d_cube
D:3:      layout_loops_ring, zin_angel, chequers_garden
D:5:      layout_basic, lemuel_crystal_altar, minmay_temple_entry_butterflies,
          basic_altar, uniq_sigmund

Skill      XL: |  1 |
---------------+----+-----
Dodging        | 1 |  1.4
Stealth        | 5 |  5.6
Fighting       | |  2.7
Short Blades   | |  2.0
Throwing       | |  2.0

Action                   || total
-------------------------++-------
Melee: Dagger            ||    84
  Use: Potion            ||     2
 Stab: Sleeping          ||     3
Armor: Robe              ||    11
Dodge: Dodged            ||    46

Table legend: (Time is in decaauts)
 A = Elapsed time spent in this place.
 B = Non-inter-level travel time spent in this place.
 C = Inter-level travel time spent in this place.
 D = Time resting spent in this place.
 E = Time spent auto-exploring this place.
 F = Levels seen in this place.
 G = Mean time per level.
                   A        B        C        D        E       F      G
               +--------+--------+--------+--------+--------+-----+--------+
         Total |   1167 |   1132 |     35 |      0 |    942 |   4 |  291.8 |
       Dungeon |   1167 |   1132 |     35 |      0 |    942 |   4 |  291.8 |
               +--------+--------+--------+--------+--------+-----+--------+

Top non-repeatable levels by time:
     D:1: 566 daAuts
     D:3: 482 daAuts
     D:2: 83 daAuts
     D:5: 34 daAuts
